Map: Redshift LE

Players

AdAstra - Winner!

  • Race: Terran Terran
  • League: Diamond
  • Spawn Location: 7:00

MasterTerran

  • Race: Terran Terran
  • League: Platinum
  • Spawn Location: 11:00

VOD

Have the link to the VOD?

Description

TvT - cyclone-liberator build

Time

  • Played on: May 28, 2018, 9:01 p.m.
  • Length: 11:47
Show
View Real Time Build Order
Export as new Build Order

AdAstra Terran - Winner!

Build Orders: Cyclone Opening 

Get SALT Encoding   

  12  0:01  SCV  
  13  0:16  Supply Depot  
  13  0:18  SCV  
  14  0:30  SCV  
  15  0:37  Refinery  
  15  0:41  Barracks  
  15  0:44  SCV  
  16  0:53  Refinery  
  16  0:58  SCV  
  17  1:10  SCV  
  18  1:22  SCV  
  19  1:32  Factory  
  19  1:36  SCV  
  20  1:45  Barracks Reactor  
  20  1:49  Orbital Command  
  20  2:00  Factory  
  20  2:13  Supply Depot  
  20  2:27  SCV  
  21  2:34  Cyclone  
  24  2:39  Supply Depot  
  24  2:40  SCV  
  24  2:42  Cyclone  
  28  2:56  SCV  
  29  3:01  Reaper  
  30  3:07  Starport  
  30  3:15  Hellion x2  
  34  3:25  SCV  
  37  3:33  Cyclone  
  38  3:49  Supply Depot  
  38  3:50  Supply Depot  
  38  3:53  Liberator  
  38  4:11  Hellion  
  41  4:28  Cyclone x2  
  41  4:39  Liberator  
  41  4:50  SCV  
  45  5:02  Supply Depot, SCV  
  46  5:12  Supply Depot  
  46  5:14  SCV  
  46  5:16  Command Center  
  41  6:07  Liberator  
  41  6:17  Cyclone x2  
  44  6:25  SCV  
  48  6:57  Cyclone  
  48  6:58  Cyclone x2  
  48  6:59  Orbital Command  
  46  7:02  Refinery  
  46  7:14  SCV  
  47  7:29  Cyclone  
  50  7:31  Refinery  
  50  7:37  Command Center  
  50  7:45  Cyclone  
  53  7:51  Cyclone  
  53  7:52  SCV  
  53  7:53  SCV  
  58  8:00  Viking  
  58  8:05  SCV x2  
  59  8:17  SCV x2  
  59  8:18  Cyclone x2  
  67  8:29  SCV x2  
  69  8:40  Cyclone  
  69  8:41  SCV  
  67  8:50  Cyclone  
  67  9:02  SCV x2  
  69  9:06  Orbital Command  
  69  9:08  Cyclone  
  69  9:10  Viking  
  69  9:12  Cyclone  
  69  9:14  SCV x2  
  69  9:34  SCV  
  69  9:35  SCV x2  
  69  9:40  Starport  
  69  9:46  SCV  
  69  9:47  SCV  
  69  9:48  SCV  
  69  9:54  Refinery  
  69  9:57  Refinery  
  69  9:59  Cyclone x2, SCV x2  
  69  10:00  Cyclone  
  69  10:03  Viking  
  69  10:04  Factory  
  69  10:17  SCV  
  69  10:18  SCV x2  
  69  10:21  Engineering Bay  
  69  10:37  Supply Depot  
  69  10:38  Supply Depot  
  69  10:39  Supply Depot  
  69  10:58  Viking  
  69  10:59  SCV x2  
  69  11:01  Viking  
  69  11:09  Factory Reactor  
  69  11:10  Missile Turret x2  
  69  11:12  Supply Depot, SCV  
  69  11:13  SCV x2, Factory  
  69  11:16  Armory  
  69  11:18  Armory  
  69  11:32  SCV x3  
  69  11:35  Missile Turret  
Show
View Real Time Build Order
Export as new Build Order

MasterTerran Terran 

Build Orders: Cyclone Opening 

Get SALT Encoding   

  12  0:02  SCV  
  13  0:14  SCV  
  14  0:22  Supply Depot  
  14  0:26  SCV  
  15  0:31  Refinery  
  15  0:43  SCV  
  15  0:46  Barracks  
  16  0:56  SCV  
  17  1:08  SCV  
  18  1:12  Refinery  
  18  1:20  SCV  
  19  1:32  SCV  
  20  1:36  Factory  
  20  1:42  Supply Depot  
  20  1:44  Orbital Command  
  20  1:45  Barracks Tech Lab  
  20  2:06  Marauder  
  20  2:07  Concussive Shells  
  22  2:12  SCV  
  23  2:20  Cyclone  
  26  2:25  SCV  
  27  2:39  Marauder  
  29  2:44  SCV  
  30  2:58  Command Center  
  30  3:00  SCV  
  30  3:25  SCV  
  31  3:28  Starport  
  28  3:43  SCV, Siege Tank  
  28  3:44  Marine  
  33  3:55  SCV  
  34  4:02  Supply Depot  
  34  4:03  Engineering Bay  
  34  4:07  SCV  
  35  4:19  SCV  
  36  4:31  SCV  
  34  4:41  Marine  
  34  4:43  SCV  
  36  4:50  Orbital Command  
  36  4:55  SCV  
  37  5:00  Missile Turret  
  37  5:01  Banshee  
  40  5:07  SCV  
  40  5:08  Missile Turret  
  40  5:09  Barracks Tech Lab  
  40  5:12  Factory Tech Lab  
  41  5:15  SCV  
  41  5:19  SCV  
  43  5:27  SCV  
  42  5:31  SCV  
  40  5:43  SCV  
  41  5:56  SCV  
  42  6:02  Missile Turret  
  40  6:06  Siege Tank  
  40  6:07  Marauder  
  40  6:08  SCV  
  46  6:20  SCV  
  44  6:35  SCV  
  43  6:42  Supply Depot  
  43  6:46  Refinery  
  38  6:54  SCV  
  38  6:58  Marauder  
  38  6:59  Supply Depot  
  38  7:00  Supply Depot  
  38  7:03  Command Center, Siege Tank, SCV  
  38  7:05  Refinery  
  38  7:06  SCV  
  38  7:08  Refinery  
  43  7:09  Supply Depot  
  43  7:12  Sensor Tower  
  43  7:14  Sensor Tower  
  40  7:15  SCV  
  40  7:18  SCV  
  40  7:22  Supply Depot x2  
  42  7:28  SCV  
  45  7:30  Marauder, SCV  
  44  7:40  SCV  
  44  7:41  Missile Turret  
  44  7:42  SCV  
  45  7:46  Missile Turret  
  45  7:51  Marine  
  45  7:52  SCV  
  45  7:53  Command Center  
  45  7:54  SCV  
  45  7:55  Starport  
  47  7:59  Siege Tank  
  47  8:04  SCV  
  51  8:07  SCV  
  51  8:08  Marine  
  51  8:19  SCV  
  53  8:31  Siege Tank  
  55  8:37  Command Center  
  55  8:38  SCV  
  49  8:45  Marine  
  47  8:51  SCV  
  35  9:03  SCV  
  35  9:15  SCV  
  35  9:27  SCV  
Tags
 
Add a new tag
Caveats
  • Supply blocks, unpowered buildings, or Contaminate may cause inaccurate times.
  • Supply counts are checked every 10 seconds.